Map: New Repugnancy LE

Players

Bly

  • Race: Zerg Zerg
  • Spawn Location: 7:00

Zanster - Winner!

  • Race: Zerg Zerg
  • Spawn Location: 1:00

Event: 2019 WCS Spring

VOD

Have the link to the VOD?

Description

Time

  • Played on: May 18, 2019, 7:20 a.m.
  • Length: 9:24

All games in this series

Show
View Real Time Build Order
Export as new Build Order

Bly Zerg 

Build Orders: Hatch First, Roach Nydus 

Get SALT Encoding   

  12  0:01  Drone  
  13  0:13  Overlord  
  13  0:18  Drone  
  14  0:31  Drone x2  
  16  0:48  Hatchery  
  15  0:52  Drone  
  16  1:05  Spawning Pool  
  16  1:09  Drone  
  16  1:12  Drone  
  16  1:15  Drone  
  18  1:20  Extractor  
  18  1:24  Drone  
  18  1:34  Drone  
  19  1:44  Overlord  
  19  1:53  Queen  
  22  1:54  Zergling x2  
  22  2:00  Queen, Zergling x2  
  25  2:10  Zergling x2  
  28  2:15  Drone x2  
  28  2:29  Drone x2  
  30  2:36  Drone  
  31  2:37  Queen  
  31  2:41  Overlord  
  33  2:50  Drone x2  
  33  2:51  Lair  
  34  3:07  Drone x3  
  34  3:10  Evolution Chamber  
  36  3:13  Roach Warren  
  36  3:17  Drone x4  
  36  3:18  Drone  
  40  3:29  Evolution Chamber  
  40  3:33  Drone x3  
  40  3:35  Extractor x2  
  40  3:37  Zerg Missile Weapons Level 1  
  38  3:46  Overlord  
  38  3:48  Drone x3  
  40  3:54  Drone x3  
  44  3:56  Glial Reconstitution  
  44  4:04  Overlord  
  44  4:06  Overlord  
  44  4:18  Roach x4  
  52  4:25  Drone x2  
  52  4:26  Drone x3  
  57  4:38  Hatchery  
  56  4:46  Roach x3  
  62  4:52  Nydus Network  
  62  4:57  Roach x2  
  65  5:04  Roach  
  65  5:06  Overlord x2  
  67  5:13  Overlord  
  67  5:20  Overlord  
  67  5:22  Overseer  
  67  5:26  Roach x5  
  77  5:35  Roach x4  
  85  5:51  Nydus Canal  
  85  5:57  Overseer  
  85  6:00  Roach x7  
  93  6:15  Roach x2  
  93  6:17  Nydus Canal  
  85  6:28  Roach x7  
  85  6:32  Nydus Canal  
  91  6:35  Roach x2  
  95  6:44  Roach x2  
  97  7:00  Nydus Canal  
  91  7:05  Roach x6  
  89  7:13  Roach x2  
  93  7:21  Nydus Canal  
  93  7:24  Drone x5  
  93  7:27  Overlord, Extractor  
  97  7:31  Overlord x4  
  97  7:32  Overlord  
  97  7:40  Extractor  
  97  7:42  Nydus Canal  
  97  7:43  Extractor  
  95  7:50  Drone x4  
  95  7:52  Roach, Spire  
  94  7:59  Roach x3  
  93  8:12  Roach x6  
  79  8:22  Roach x4  
  81  8:28  Roach x2  
  81  8:30  Overseer  
  79  8:39  Roach x4  
  81  8:45  Roach  
  75  8:56  Roach x2  
Show
View Real Time Build Order
Export as new Build Order

Zanster Zerg - Winner!

Build Orders: Pool First 

Get SALT Encoding   

  12  0:00  Drone  
  13  0:13  Overlord  
  13  0:18  Drone  
  14  0:31  Drone x2  
  16  0:35  Drone  
  17  0:43  Extractor  
  17  0:45  Drone  
  17  0:50  Spawning Pool  
  17  0:56  Drone  
  17  1:07  Drone  
  18  1:20  Hatchery  
  17  1:35  Drone x2  
  17  1:38  Queen  
  21  1:42  Drone  
  22  1:50  Metabolic Boost  
  22  1:56  Overlord  
  22  2:15  Drone x2  
  23  2:16  Queen  
  27  2:22  Drone  
  27  2:36  Drone x2  
  29  2:47  Zergling x10  
  34  2:52  Hatchery  
  34  2:56  Overlord  
  33  2:59  Drone  
  35  3:05  Drone  
  35  3:10  Drone  
  36  3:17  Drone x2  
  36  3:19  Queen  
  38  3:23  Drone  
  38  3:24  Drone x3  
  43  3:38  Roach Warren  
  43  3:39  Overlord  
  43  3:40  Evolution Chamber  
  41  3:41  Overlord  
  41  3:43  Drone  
  41  3:44  Drone  
  43  3:58  Drone x2  
  43  4:00  Drone x7  
  52  4:07  Overlord, Zerg Missile Weapons Level 1  
  52  4:08  Drone  
  53  4:10  Extractor  
  53  4:11  Extractor  
  53  4:13  Drone  
  52  4:18  Drone  
  52  4:20  Extractor  
  52  4:22  Drone  
  52  4:24  Drone  
  54  4:26  Overlord, Drone  
  54  4:30  Drone x2  
  57  4:34  Drone x3  
  57  4:35  Drone  
  61  4:39  Overlord  
  61  4:43  Drone  
  62  4:48  Roach x3  
  68  4:55  Lair, Extractor  
  68  4:56  Roach  
  68  4:58  Roach, Overlord  
  70  5:00  Drone x2  
  70  5:02  Roach  
  70  5:03  Roach  
  76  5:10  Roach x3  
  76  5:12  Roach  
  84  5:16  Roach  
  84  5:19  Overlord  
  86  5:22  Roach  
  86  5:23  Roach x2  
  86  5:27  Roach x2  
  96  5:28  Overlord  
  96  5:33  Roach  
  97  5:38  Overlord x2  
  97  5:41  Roach x2  
  97  5:42  Roach  
  103  5:49  Drone  
  105  5:50  Drone x5  
  105  5:51  Drone  
  105  5:56  Glial Reconstitution  
  110  5:59  Roach  
  110  6:04  Roach x2  
  108  6:11  Roach  
  108  6:12  Roach x4  
  108  6:16  Roach x2  
  109  6:26  Roach x4  
  114  6:36  Roach x5  
  122  6:40  Overlord  
  122  6:44  Roach  
  122  6:45  Roach  
  120  6:51  Drone x5  
  114  7:01  Roach  
  114  7:02  Roach x3  
  120  7:10  Roach x2  
  120  7:12  Roach  
  120  7:14  Roach x2  
  130  7:17  Queen  
  130  7:21  Overlord  
  132  7:25  Roach x2  
  132  7:26  Overlord  
  132  7:29  Overlord x2  
  136  7:39  Queen  
  136  7:43  Roach  
  136  7:44  Roach x2  
  144  7:53  Roach x6  
  156  8:03  Burrow, Drone x5  
  159  8:09  Drone  
  159  8:10  Drone  
  147  8:13  Hydralisk Den  
  147  8:17  Roach x2  
  136  8:25  Roach x4  
  134  8:30  Roach x2  
  132  8:39  Ravager  
  132  8:40  Ravager  
  134  8:41  Roach  
  134  8:42  Roach x2  
  138  8:53  Roach x5  
  138  8:55  Hatchery  
  138  8:59  Roach  
  138  9:00  Roach x3  
Tags
 
Add a new tag
Caveats
  • Supply blocks, unpowered buildings, or Contaminate may cause inaccurate times.
  • Supply counts are checked every 10 seconds.